 Dungeon Crawl Stone Soup version 0.31-a0-799-g6bc09d010c (webtiles) character file.

Game seed: 11786164147569998789

16 cforsyth the Sneak (level 2, -5/25 HPs)
             Began as a Djinni Delver on Sept 20, 2023.
             Killed by divine providence
             ... invoked by an orc priest
              (13 damage)
             ... on level 4 of the Dungeon.
             The game lasted 00:00:28 (174 turns).

cforsyth the Sneak (Djinni Delver)                   Turns: 174, Time: 00:00:28

Health: -5/25      AC:  3    Str: 11    XL:     2   Next: 70%
Gold:   28         EV: 12    Int: 11    God:
                   SH:  0    Dex: 14

rFire   + + .        a - +0 falchion
rCold   x . .        (no shield)
rNeg    . . .        b - +0 leather armour
rPois   ∞            (no helmet)
rElec   .            (no cloak)
rCorr   .            (no gloves)
SInv    .            (boots unavailable)
Will    .....        (no amulet)
Stlth   ++           (no ring)
HPRegen 0.24/turn    (no ring)
MPRegen 0.00/turn

%: infuse magic (-6 HP)
@: flying
A: sickness immunity, fire resistance 2, cold vulnerability 1, float, innate
caster, HP casting, extra vitality 1
a: no special abilities


You were on level 4 of the Dungeon.
You visited 1 branch of the dungeon, and saw 2 of its levels.

You collected 28 gold pieces.

Inventory:

Hand Weapons
 a - a +0 falchion (weapon)
Armour
 b - a +0 leather armour (worn)
Wands
 g - a wand of digging (3)
Scrolls
 c - a scroll of fog
 d - a scroll of revelation
 e - a scroll of fear
 i - a scroll of blinking {unknown}
 l - a scroll of identify {unknown}
Potions
 f - a potion of haste
 h - a potion of curing {unknown}
 j - a potion of berserk rage {unknown}
 k - a potion of magic {unknown}


   Skills:
 + Level 3.4 Fighting
 - Level 1.7 Long Blades
 - Level 2.1 Dodging
 - Level 4.1 Stealth
 + Level 1.0 Spellcasting
 + Level 1.0 Conjurations
 + Level 1.0 Hexes
   Level 0.0 Charms
 + Level 1.0 Summonings
 + Level 1.0 Necromancy
 + Level 1.0 Translocations
 + Level 1.0 Transmutations
 + Level 1.0 Fire Magic
 + Level 1.0 Ice Magic
 + Level 1.0 Air Magic
 + Level 1.0 Earth Magic
 + Level 1.0 Poison Magic You didn't know any spells. Your spell library was empty.

Dungeon Overview and Level Annotations

Branches:
Dungeon (5/15)
 Temple: D:4-7

Altars:


Innate Abilities, Weirdness & Mutations

You are immune to sickness and miasma.
You are immune to poison.
Your flesh is very heat resistant. (rF++)
You are vulnerable to cold. (rC-)
You float through the air rather than walking.
You learn spells naturally, not from books.
Your magical power is your life essence.
You have superior vitality. (+4 MHP)


Message History

You barely miss the orc.
An orc comes into view. It is wielding a +0 club.
The orc hits you but does no damage.
The orc suddenly curses.
You closely miss the orc. The orc hits you with a +0 club.
You hit the orc.
The orc is heavily wounded.
The orc hits you but does no damage.
You hit the orc.
You kill the orc!
The goblin hits you but does no damage. The orc hits you with a +0 hand axe.
The goblin closely misses you.
Your Spellcasting skill increases to level 1!
Your Conjurations skill increases to level 1!
Your Hexes skill increases to level 1!
Your Summonings skill increases to level 1!
Your Necromancy skill increases to level 1!
Your Translocations skill increases to level 1!
Your Transmutations skill increases to level 1!
Your Fire Magic skill increases to level 1!
Your Ice Magic skill increases to level 1!
Your Air Magic skill increases to level 1!
Your Earth Magic skill increases to level 1!
Your Poison Magic skill increases to level 1!
You hit the orc.
The orc is heavily wounded.
The orc hits you with a +0 falchion. The goblin hits you with a +0 club.
The orc hits you but does no damage. The orc attacks as it pursues you!
The orc hits you with a +0 hand axe. The orc attacks as it pursues you!
The orc closely misses you.
The orc priest casts a cantrip, but nothing happens.
You see here 3 large rocks.
The orc misses you. The orc attacks as it pursues you!
The orc hits you but does no damage. The orc attacks as it pursues you!
The orc barely misses you. The orc attacks as it pursues you!
The orc hits you with a +0 hand axe.
The orc priest calls down the wrath of Beogh upon you.
Beogh smites you!
Ouch! That really hurt!
You die...

..†.......### ..#.
...#........##......#
...#....#.#.##......#
..........#.........###.
..<#.......# #.........
...........###.......#
...#..............#.# ......
..##.......<........##......
.###.......#.#..@..###.#!.#
####............#....#...!#
#.........#....o.#......####
###........##......###........
..........###..#..oo(........#
.............................#
..........##......#....)......
#...............(..........:..
#.#####...........#.......####


You could see an orc priest and 2 orcs.

Vanquished Creatures
  A gnoll (D:5)
  A dart slug (D:4)
  An orc (D:4)
  A ball python (D:4)
4 creatures vanquished.

Notes
Turn   | Place    | Note
-------+----------+-------------------------------------------
     0 | D:5      | cforsyth the Djinni Delver began the quest for the Orb.
     0 | D:5      | Reached XP level 1. HP: 20/20 MP: 0/0
    25 | D:5      | Reached XP level 2. HP: 13/25 MP: 0/0
   167 | D:4      | Reached skill level 1 in Spellcasting
   167 | D:4      | Reached skill level 1 in Conjurations
   167 | D:4      | Reached skill level 1 in Hexes
   167 | D:4      | Reached skill level 1 in Summonings
   167 | D:4      | Reached skill level 1 in Necromancy
   167 | D:4      | Reached skill level 1 in Translocations
   167 | D:4      | Reached skill level 1 in Transmutations
   167 | D:4      | Reached skill level 1 in Fire Magic
   167 | D:4      | Reached skill level 1 in Ice Magic
   167 | D:4      | Reached skill level 1 in Air Magic
   167 | D:4      | Reached skill level 1 in Earth Magic
   167 | D:4      | Reached skill level 1 in Poison Magic
   174 | D:4      | Killed from afar by an orc priest

Illustrated notes

Levels and vault maps discovered:
D:4:      layout_rooms, zin_purify
D:5:      layout_cave_pools, serial_gnoll_camp, gnoll_camp_mini_basic,
          gnoll_camp_mini_hut, gnoll_camp_huts_moat, gnoll_camp_mini_house,
          gnoll_camp_mini_loothouse, serial_shops, nicolae_shop_stone,
          kennysheep_small_circle

Skill      XL: |  1  2 |
---------------+-------+-----
Spellcasting   | 1 |  1.0
Conjurations   | 1 |  1.0
Hexes          | 1 |  1.0
Summonings     | 1 |  1.0
Necromancy     | 1 |  1.0
Translocations | 1 |  1.0
Transmutations | 1 |  1.0
Fire Magic     | 1 |  1.0
Ice Magic      | 1 |  1.0
Air Magic      | 1 |  1.0
Earth Magic    | 1 |  1.0
Poison Magic   | 1 |  1.0
Fighting       | |  3.4
Long Blades    | |  1.7
Dodging        | |  2.1
Stealth        | |  4.1

Action                     || total
---------------------------++-------
  Melee: Falchion          ||    22
 Armour: Leather armour    ||    18
  Dodge: Dodged            ||    17

Table legend: (Time is in decaauts)
 A = Elapsed time spent in this place.
 B = Non-inter-level travel time spent in this place.
 C = Inter-level travel time spent in this place.
 D = Time resting spent in this place.
 E = Time spent auto-exploring this place.
 F = Levels seen in this place.
 G = Mean time per level.
                   A        B        C        D        E       F      G
               +--------+--------+--------+--------+--------+-----+--------+
         Total |    178 |    178 |      0 |     44 |     67 |   2 |   89.0 |
       Dungeon |    178 |    178 |      0 |     44 |     67 |   2 |   89.0 |
               +--------+--------+--------+--------+--------+-----+--------+

Top non-repeatable levels by time:
     D:4: 104 daAuts
     D:5: 74 daAuts
